ESL (28 & UNDER)
RIO GRANDE RATTLESNAKE @ BUTLER WHITE SOX
08/01/2025
 
TOP OF THE 1ST
Rio Grande Rattlesnake batting - Pitching for Butler White Sox : RHP Luis De Los Ángeles
Pitching: RHP Luis De Los Ángeles
Batting: RHB Javier Rentería 0-0: Fly out, F4 (Line Drive, 4M)
Batting: RHB Luis Sánchez 0-0: Called Strike
0-1: SINGLE (Groundball, 56D)
Batting: SHB Carlos Reyes 0-0: Called Strike
0-1: Ball
1-1: Ball
2-1: Grounds into double play, 6-4-3 (Groundball, 6)
Top of the 1st over - 0 run(s), 1 hit(s), 0 error(s), 0 left on base; Rio Grande 0 - Butler 0
BOTTOM OF THE 1ST
Butler White Sox batting - Pitching for Rio Grande Rattlesnake : RHP Juan Gutiérrez
Pitching: RHP Juan Gutiérrez
Batting: RHB Richard Bankhead 0-0: Ball
1-0: Called Strike
1-1: Swinging Strike
1-2: Strikes out swinging
Batting: RHB Evan Robinson 0-0: Ball
1-0: Called Strike
1-1: Ball
2-1: Ball
3-1: Called Strike
3-2: Base on Balls
Batting: RHB Luis Alou 0-0: Called Strike
0-1: Swinging Strike
0-2: Grounds into double play, 2-6-3 (Groundball, 2L)
Bottom of the 1st over - 0 run(s), 0 hit(s), 0 error(s), 0 left on base; Rio Grande 0 - Butler 0
TOP OF THE 2ND
Rio Grande Rattlesnake batting - Pitching for Butler White Sox : RHP Luis De Los Ángeles
Batting: RHB Liangde Que 0-0: Foul Ball, location: 2F
0-1: Fly out, F8 (Flyball, 8LM)
Batting: LHB Luis Villa 0-0: Called Strike
0-1: Ball
1-1: Foul Ball, location: 2F
1-2: Ball
2-2: Foul Ball, location: 2F
2-2: Foul Ball, location: 2F
2-2: Ball
3-2: Foul Ball, location: 2F
3-2: Foul Ball, location: 2F
3-2: Base on Balls
Batting: SHB Giancarlo Giannini 0-0: Ball
Luis Villa is caught stealing 2nd base
1-0: Ball
2-0: Foul Ball, location: 2F
2-1: Ball
3-1: Base on Balls
Batting: RHB Maresuke Yoshida 0-0: Called Strike
0-1: Ball
1-1: Ball
2-1: Ball
3-1: Reached on error, E5 (Groundball, 5)
Giancarlo Giannini to second
Batting: RHB Luis Ibarra 0-0: Ball
1-0: Ball
2-0: Called Strike
2-1: Ball
3-1: Called Strike
3-2: Fly out, F3 (Popup, 3SF)
Top of the 2nd over - 0 run(s), 0 hit(s), 1 error(s), 2 left on base; Rio Grande 0 - Butler 0
BOTTOM OF THE 2ND
Butler White Sox batting - Pitching for Rio Grande Rattlesnake : RHP Juan Gutiérrez
Batting: LHB Mark Everett 0-0: DOUBLE (Line Drive, 3L)
Batting: RHB Rodney González 0-0: Called Strike
0-1: Foul Ball, location: 2F
0-2: Ball
1-2: Ball
2-2: Foul Ball, location: 2F
2-2: Ball
3-2: SINGLE (Line Drive, 6M)
Mark Everett to third
Batting: LHB Don Hull 0-0: Foul Ball, location: 2F
0-1: Ball
1-1: Ball
2-1: Ball
3-1: Called Strike
3-2: Ground out 1-3 (Groundball, 15S)
Rodney González to second
Batting: LHB Jesús González 0-0: Ball
1-0: Called Strike
1-1: SINGLE (Groundball, 6MD)
Mark Everett scores
Rodney González to third
Batting: RHB Juan Reyes 0-0: Ball
1-0: Ball
2-0: Called Strike
2-1: Swinging Strike
2-2: Foul Ball, location: 2F
2-2: Ball
3-2: Strikes out swinging
Jesús González steals 2nd base
Batter strikes out.
Batting: RHB Luis Ramos 0-0: Ball
1-0: Foul Ball, location: 2F
1-1: Ball
2-1: Ball
3-1: Base on Balls
Batting: RHB Richard Bankhead 0-0: Called Strike
0-1: Called Strike
0-2: Fly out, F8 (Popup, 8RS)
Bottom of the 2nd over - 1 run(s), 3 hit(s), 0 error(s), 3 left on base; Rio Grande 0 - Butler 1
TOP OF THE 3RD
Rio Grande Rattlesnake batting - Pitching for Butler White Sox : RHP Luis De Los Ángeles
Batting: RHB Gary Thomas 0-0: SINGLE (Groundball, 6MD)
Batting: RHB Javier Rentería 0-0: Ball
1-0: Reached on error, E5 (Groundball, 56)
Gary Thomas to second
Batting: RHB Luis Sánchez 0-0: Foul Ball, location: 2F
0-1: SINGLE (Line Drive, 78M)
Gary Thomas to third
Javier Rentería to second
Batting: SHB Carlos Reyes 0-0: Foul Ball, location: 2F
0-1: Foul Ball, location: 2F
0-2: Ball
1-2: SINGLE (Flyball, 7LS)
Gary Thomas scores
Javier Rentería to third
Luis Sánchez to second
Runner from 3rd tries for Home, SAFE, no throw or cutoff
Batting: RHB Liangde Que 0-0: Swinging Strike
0-1: Called Strike
0-2: Ball
1-2: Foul Ball, location: 2F
1-2: Foul Ball, location: 2F
1-2: Ball
2-2: Grounds into double play, 5-4-3 (Groundball, 56)
Luis Sánchez to third
Batting: LHB Luis Villa 0-0: Called Strike
0-1: Ball
1-1: Ball
2-1: Foul Ball, location: 2F
2-2: Ball
3-2: Base on Balls
Batting: SHB Giancarlo Giannini 0-0: Ball
1-0: Fly out, F7 (Line Drive, 7S)
Top of the 3rd over - 2 run(s), 3 hit(s), 1 error(s), 2 left on base; Rio Grande 2 - Butler 1
BOTTOM OF THE 3RD
Butler White Sox batting - Pitching for Rio Grande Rattlesnake : RHP Juan Gutiérrez
Batting: RHB Evan Robinson 0-0: Ball
1-0: Ball
2-0: Ground out 5-3 (Groundball, 56)
Batting: RHB Luis Alou 0-0: Ball
1-0: Ball
2-0: Ground out 1-3 (Groundball, 25)
Batting: LHB Mark Everett 0-0: Ball
1-0: SINGLE (Line Drive, 6MD)
Batting: RHB Rodney González 0-0: Ball
1-0: Ball
2-0: Called Strike
2-1: Foul Ball, location: 2F
2-2: Foul Ball, location: 2F
2-2: Ball
3-2: Ground out 4-3 (Groundball, 4M)
Bottom of the 3rd over - 0 run(s), 1 hit(s), 0 error(s), 1 left on base; Rio Grande 2 - Butler 1
TOP OF THE 4TH
Rio Grande Rattlesnake batting - Pitching for Butler White Sox : RHP Luis De Los Ángeles
Batting: RHB Maresuke Yoshida 0-0: Reached on error, E5 (Groundball, 56)
Batting: RHB Luis Ibarra 0-0: Ball
Maresuke Yoshida is caught stealing 2nd base
1-0: Ball
2-0: Ground out 1-3 (Groundball, 13S)
Batting: RHB Gary Thomas 0-0: Ground out 6-3 (Groundball, 6M)
Top of the 4th over - 0 run(s), 0 hit(s), 1 error(s), 0 left on base; Rio Grande 2 - Butler 1
BOTTOM OF THE 4TH
Butler White Sox batting - Pitching for Rio Grande Rattlesnake : RHP Juan Gutiérrez
Batting: LHB Don Hull 0-0: Ball
1-0: Ball
2-0: Ball
3-0: Base on Balls
Batting: LHB Jesús González 0-0: Called Strike
Don Hull is caught stealing 2nd base
0-1: Fly out, F8 (Flyball, 8RS)
Batting: RHB Juan Reyes 0-0: Ball
1-0: Called Strike
1-1: SINGLE (Line Drive, 4M)
Batting: RHB Luis Ramos 0-0: Ball
1-0: Swinging Strike
1-1: Ball
2-1: Ball
3-1: Base on Balls
Juan Reyes to second
Batting: RHB Richard Bankhead 0-0: Swinging Strike
0-1: Swinging Strike
0-2: Fly out, F3 (Popup, 3DF)
Bottom of the 4th over - 0 run(s), 1 hit(s), 0 error(s), 2 left on base; Rio Grande 2 - Butler 1
TOP OF THE 5TH
Rio Grande Rattlesnake batting - Pitching for Butler White Sox : RHP Luis De Los Ángeles
Batting: RHB Javier Rentería 0-0: Ball
1-0: Called Strike
1-1: Foul Ball, location: 2F
1-2: Foul Ball, location: 2F
1-2: Fly out, F8 (Flyball, 8RM)
Batting: RHB Luis Sánchez 0-0: Ball
1-0: Swinging Strike
1-1: Ball
2-1: Ball
3-1: Foul Ball, location: 2F
3-2: Strikes out swinging
Batting: SHB Carlos Reyes 0-0: Fly out, F8 (Flyball, 8LD)
Top of the 5th over - 0 run(s), 0 hit(s), 0 error(s), 0 left on base; Rio Grande 2 - Butler 1
BOTTOM OF THE 5TH
Butler White Sox batting - Pitching for Rio Grande Rattlesnake : RHP Juan Gutiérrez
Batting: RHB Evan Robinson 0-0: Ball
1-0: Fly out, F9 (Flyball, 89M)
Batting: RHB Luis Alou 0-0: Ball
1-0: Ground out 6-3 (Groundball, 6)
Batting: LHB Mark Everett 0-0: Ball
1-0: Ground out 1-3 (Groundball, 13S)
Bottom of the 5th over - 0 run(s), 0 hit(s), 0 error(s), 0 left on base; Rio Grande 2 - Butler 1
TOP OF THE 6TH
Rio Grande Rattlesnake batting - Pitching for Butler White Sox : RHP Luis De Los Ángeles
Batting: RHB Liangde Que 0-0: Ball
1-0: Ball
2-0: Foul Ball, location: 2F
2-1: Fly out, F7 (Popup, 7LS)
Batting: LHB Luis Villa 0-0: Called Strike
0-1: Ground out 3-1 (Groundball, 34S)
Batting: SHB Giancarlo Giannini 0-0: Foul Ball, location: 2F
0-1: Ball
1-1: Swinging Strike
1-2: Ball
2-2: Foul Ball, location: 2F
2-2: Strikes out swinging
Top of the 6th over - 0 run(s), 0 hit(s), 0 error(s), 0 left on base; Rio Grande 2 - Butler 1
BOTTOM OF THE 6TH
Butler White Sox batting - Pitching for Rio Grande Rattlesnake : RHP Juan Gutiérrez
Pitching: RHP Myron Burgess
Batting: RHB Rodney González 0-0: Called Strike
0-1: Ball
1-1: Ball
2-1: Ground out 4-3 (Groundball, 4M)
Batting: LHB Don Hull 0-0: Ball
1-0: Foul Ball, location: 2F
1-1: Swinging Strike
1-2: Foul Ball, location: 2F
1-2: Strikes out looking
Batting: LHB Jesús González 0-0: Ball
1-0: Swinging Strike
1-1: Called Strike
1-2: Strikes out swinging
Bottom of the 6th over - 0 run(s), 0 hit(s), 0 error(s), 0 left on base; Rio Grande 2 - Butler 1
TOP OF THE 7TH
Rio Grande Rattlesnake batting - Pitching for Butler White Sox : RHP Luis De Los Ángeles
Batting: RHB Maresuke Yoshida 0-0: Called Strike
0-1: Ball
1-1: SINGLE (Groundball, 4D) (infield hit)
Pinch Hitting: RHB Paul Martin 0-0: Ball
1-0: Sac Bunt - play at first, batter OUT! 2-4
Maresuke Yoshida to second
Batting: RHB Gary Thomas 0-0: Foul Ball, location: 2F
0-1: Foul Ball, location: 2F
0-2: Ball
1-2: Foul Ball, location: 2F
1-2: Foul Ball, location: 2F
1-2: Strikes out looking
Pitching: RHP Barry Garner
Batting: RHB Javier Rentería 0-0: Ball
1-0: Called Strike
1-1: Swinging Strike
1-2: Foul Ball, location: 2F
1-2: Ball
2-2: Ball
3-2: Strikes out swinging
Top of the 7th over - 0 run(s), 1 hit(s), 0 error(s), 1 left on base; Rio Grande 2 - Butler 1
BOTTOM OF THE 7TH
Butler White Sox batting - Pitching for Rio Grande Rattlesnake : RHP Myron Burgess
Now in RF: Jeff Bane
Batting: RHB Juan Reyes 0-0: Fly out, F9 (Flyball, 9LM)
Batting: RHB Luis Ramos 0-0: Foul Ball, location: 2F
0-1: Called Strike
0-2: Ball
1-2: Ball
2-2: Strikes out swinging
Batting: RHB Richard Bankhead 0-0: Ball
1-0: Ball
2-0: Called Strike
2-1: Ball
3-1: Fly out, F8 (Line Drive, 8RS)
Bottom of the 7th over - 0 run(s), 0 hit(s), 0 error(s), 0 left on base; Rio Grande 2 - Butler 1
TOP OF THE 8TH
Rio Grande Rattlesnake batting - Pitching for Butler White Sox : RHP Barry Garner
Batting: RHB Luis Sánchez 0-0: Ball
1-0: Ball
2-0: Ball
3-0: Base on Balls
Batting: SHB Carlos Reyes 0-0: Ball
1-0: Ball
2-0: Called Strike
2-1: Called Strike
2-2: Strikes out swinging
Batting: RHB Liangde Que 0-0: Ball
1-0: Called Strike
1-1: Swinging Strike
1-2: Strikes out swinging
Batting: LHB Luis Villa 0-0: Swinging Strike
0-1: Called Strike
0-2: Foul Ball, location: 2F
0-2: Ball
1-2: Strikes out swinging
Top of the 8th over - 0 run(s), 0 hit(s), 0 error(s), 1 left on base; Rio Grande 2 - Butler 1
BOTTOM OF THE 8TH
Butler White Sox batting - Pitching for Rio Grande Rattlesnake : RHP Myron Burgess
Pitching: LHP Enrico Lozano
Now at C: Oliver Acevedo
Batting: RHB Evan Robinson 0-0: Ball
1-0: Ball
2-0: Called Strike
2-1: Ball
3-1: SOLO HOME RUN (Flyball, 7LD), Distance : 348 ft
Batting: RHB Luis Alou 0-0: Called Strike
0-1: Foul Ball, location: 2F
0-2: Ball
1-2: Foul Ball, location: 2F
1-2: Ball
2-2: DOUBLE (Flyball, 7LD)
Batting: LHB Mark Everett 0-0: Called Strike
0-1: Foul Ball, location: 2F
0-2: Ball
1-2: Strikes out swinging
Batting: RHB Rodney González 0-0: Intentional Walk
Pinch Hitting: RHB Tom Lang 0-0: Ground out 4-3 (Groundball, 4M)
Luis Alou to third
Rodney González to second
Batting: LHB Jesús González 0-0: Ball
1-0: Ball
2-0: Ball
3-0: Base on Balls
Batting: RHB Juan Reyes 0-0: Called Strike
0-1: Ground out 5-3 (Groundball, 5)
Bottom of the 8th over - 1 run(s), 2 hit(s), 0 error(s), 3 left on base; Rio Grande 2 - Butler 2
TOP OF THE 9TH
Rio Grande Rattlesnake batting - Pitching for Butler White Sox : RHP Barry Garner
Pitching: RHP Brandon Mitchell
Now in CF: José Darias
Batting: SHB Giancarlo Giannini 0-0: Called Strike
0-1: Ground out U3 (Groundball, 3S)
Pinch Hitting: SHB Ralph Robison 0-0: Ball
1-0: Called Strike
1-1: Ball
2-1: Foul Ball, location: 2F
2-2: Strikes out swinging
Batting: RHB Jeff Bane 0-0: Ball
1-0: Ground out 2-3 (Groundball, 2R)
Top of the 9th over - 0 run(s), 0 hit(s), 0 error(s), 0 left on base; Rio Grande 2 - Butler 2
BOTTOM OF THE 9TH
Butler White Sox batting - Pitching for Rio Grande Rattlesnake : LHP Enrico Lozano
Pitching: RHP Bryce Davis
Now at SS: Alfred Jackson
Pinch Hitting: SHB Pedro Martínez 0-0: Called Strike
0-1: Ball
1-1: Foul Ball, location: 2F
1-2: Ball
2-2: Ground out 5-3 (Groundball, 56)
Batting: RHB Richard Bankhead 0-0: Ball
1-0: Ball
2-0: Called Strike
2-1: Foul Ball, location: 2F
2-2: Strikes out looking
Pinch Hitting: LHB Pat Weaver 0-0: Ball
1-0: Ball
2-0: Swinging Strike
2-1: Ball
3-1: Swinging Strike
3-2: Base on Balls
Batting: RHB Luis Alou 0-0: Ball
1-0: Fly out, F8 (Flyball, 89D)
Bottom of the 9th over - 0 run(s), 0 hit(s), 0 error(s), 1 left on base; Rio Grande 2 - Butler 2
TOP OF THE 10TH
Rio Grande Rattlesnake batting - Pitching for Butler White Sox : RHP Brandon Mitchell
Now at C: Mançio Delmage
Now at 3B: Enrique Bermúdez
Batting: RHB Gary Thomas 0-0: Foul Ball, location: 2F
0-1: Swinging Strike
0-2: Hit by Pitch
Pinch Runner at 1st Chris Charles:
Batting: RHB Javier Rentería 0-0: Sac Bunt - play at first, batter OUT! U3
Chris Charles to second
Batting: RHB Luis Sánchez 0-0: Intentional Walk
Pinch Hitting: RHB Christian Hudson 0-0: Foul Ball, location: 2F
0-1: Foul Ball, location: 2F
0-2: Ball
1-2: Ball
2-2: Fielders Choice at 2nd, 4-6 (Groundball, 34)
Chris Charles to third
Batting: RHB Liangde Que 0-0: Ball
1-0: Foul Ball, location: 2F
1-1: Ground out 5-3 (Groundball, 5)
Top of the 10th over - 0 run(s), 0 hit(s), 0 error(s), 2 left on base; Rio Grande 2 - Butler 2
BOTTOM OF THE 10TH
Butler White Sox batting - Pitching for Rio Grande Rattlesnake : RHP Bryce Davis
Now at C: Hollis Wood
Now at 3B: Christian Hudson
Batting: LHB Mark Everett 0-0: Ball
1-0: Ball
2-0: Foul Ball, location: 2F
2-1: Foul Ball, location: 2F
2-2: SINGLE (Groundball, 6M)
Pinch Runner at 1st Sam Haynes:
Batting: RHB Rodney González 0-0: Called Strike
0-1: Ball
1-1: Ball
2-1: Ball
3-1: Swinging Strike
3-2: SINGLE (Line Drive, 78S)
Sam Haynes to second
Pinch Hitting: LHB Sean Perkins 0-0: Foul Ball, location: 2F
0-1: Ball
1-1: Ball
2-1: Ground out 4-3 (Groundball, 4M)
Sam Haynes to third
Rodney González to second
Batting: LHB Jesús González 0-0: Intentional Walk
Batting: RHB Juan Reyes 0-0: Ball
1-0: Called Strike
1-1: Foul Ball, location: 2F
1-2: Strikes out looking
Pinch Hitting: LHB Félix Fernández 0-0: Ball
1-0: Fly out, F8 (Flyball, 8RS)
Bottom of the 10th over - 0 run(s), 2 hit(s), 0 error(s), 3 left on base; Rio Grande 2 - Butler 2
TOP OF THE 11TH
Rio Grande Rattlesnake batting - Pitching for Butler White Sox : RHP Brandon Mitchell
Pitching: RHP Manny Pérez
Now at 1B: Félix Fernández
Now at 3B: Sam Haynes
Now in CF: Sean Perkins
Batting: LHB Luis Villa 0-0: Ball
1-0: Foul Ball, location: 2F
1-1: Ball
2-1: Called Strike
2-2: Ball
3-2: Base on Balls
Batting: SHB Giancarlo Giannini 0-0: Called Strike
0-1: Bunted foul
0-2: Ball
Luis Villa is caught stealing 2nd base
1-2: Strikes out swinging
Batting: LHB Alfred Jackson 0-0: Ball
1-0: Called Strike
1-1: Swinging Strike
1-2: Ball
2-2: Strikes out swinging
Top of the 11th over - 0 run(s), 0 hit(s), 0 error(s), 0 left on base; Rio Grande 2 - Butler 2
BOTTOM OF THE 11TH
Butler White Sox batting - Pitching for Rio Grande Rattlesnake : RHP Bryce Davis
Pitching: RHP Adrián Mora
Batting: RHB Richard Bankhead 0-0: Swinging Strike
0-1: Foul Ball, location: 2F
0-2: Strikes out swinging
Pinch Hitting: LHB Thomas Dixon 0-0: Called Strike
0-1: Ball
1-1: Swinging Strike
1-2: Foul Ball, location: 2F
1-2: Strikes out looking
Batting: RHB Luis Alou 0-0: Called Strike
0-1: Ball
1-1: Ball
2-1: Fly out, F8 (Flyball, 8RXD)
Bottom of the 11th over - 0 run(s), 0 hit(s), 0 error(s), 0 left on base; Rio Grande 2 - Butler 2
TOP OF THE 12TH
Rio Grande Rattlesnake batting - Pitching for Butler White Sox : RHP Manny Pérez
Now at C: Raúl Ruíz
Batting: RHB Jeff Bane 0-0: Ball
1-0: Called Strike
1-1: Ball
2-1: Fly out, F9 (Flyball, 89S)
Batting: RHB Hollis Wood 0-0: Called Strike
0-1: Called Strike
0-2: SINGLE (Line Drive, 7S)
Batting: RHB Javier Rentería 0-0: Called Strike
0-1: SINGLE (Groundball, 4M)
Hollis Wood to second
Batting: RHB Luis Sánchez 0-0: Ball
1-0: Called Strike
1-1: Ball
2-1: Foul Ball, location: 2F
2-2: Ball
3-2: Base on Balls
Hollis Wood to third
Javier Rentería to second
Batting: RHB Christian Hudson 0-0: Ball
1-0: Ball
2-0: Foul Ball, location: 2F
2-1: Called Strike
2-2: Ball
3-2: Foul Ball, location: 2F
3-2: Foul Ball, location: 2F
3-2: Base on Balls
Hollis Wood scores
Javier Rentería to third
Luis Sánchez to second
Batting: RHB Liangde Que 0-0: SINGLE (Flyball, 8LS)
Javier Rentería scores
Luis Sánchez to third
Christian Hudson to second
Batting: LHB Luis Villa 0-0: Ball
1-0: Ball
2-0: Ball
3-0: Base on Balls
Luis Sánchez scores
Christian Hudson to third
Liangde Que to second
Pitching: RHP Cliff Erwin
Batting: SHB Giancarlo Giannini 0-0: Ball
1-0: Foul Ball, location: 2F
1-1: SINGLE (Groundball, 34) (infield hit)
Christian Hudson scores
Liangde Que to third
Luis Villa to second
Batting: LHB Alfred Jackson 0-0: Called Strike
0-1: Foul Ball, location: 2F
0-2: Strikes out looking
Batting: RHB Jeff Bane 0-0: Ball
1-0: Fly out, F7 (Line Drive, 7M)
Top of the 12th over - 4 run(s), 4 hit(s), 0 error(s), 3 left on base; Rio Grande 6 - Butler 2
BOTTOM OF THE 12TH
Butler White Sox batting - Pitching for Rio Grande Rattlesnake : RHP Adrián Mora
Batting: LHB Sam Haynes 0-0: Foul Ball, location: 2F
0-1: Fly out, F7 (Flyball, 78M)
Batting: RHB Rodney González 0-0: Called Strike
0-1: Called Strike
0-2: Ball
1-2: Ball
2-2: Ground out 5-3 (Groundball, 5)
Batting: LHB Sean Perkins 0-0: Ball
1-0: Foul Ball, location: 2F
1-1: Ball
2-1: DOUBLE (Flyball, 78XD)
Batting: LHB Jesús González 0-0: Ball
1-0: Called Strike
1-1: Ball
2-1: Ball
3-1: Swinging Strike
3-2: Strikes out swinging
Bottom of the 12th over - 0 run(s), 1 hit(s), 0 error(s), 1 left on base; Rio Grande 6 - Butler 2
This league is powered by Out of the Park Baseball, the baseball management simulation game for PC, Mac and Linux
Tuesday, August 2nd, 2016 - OOTP Baseball 16.8 Build 38